 Dungeon Crawl Stone Soup version 0.27-a0-1202-ge72e49191c (webtiles) character file.

Game seed: 6545759986600215013

4 senseless the Conjurer (level 1, -2/14 HPs)
             Began as a Draconian Conjurer on June 2, 2021.
             Slain by a jackal (3 damage)
             ... on level 1 of the Dungeon.
             The game lasted 00:01:32 (133 turns).

senseless the Conjurer (Draconian Conjurer)          Turns: 133, Time: 00:01:32

Health: -2/14      AC:  4    Str:  9    XL:     1   Next: 50%
Magic:  0/3        EV: 12    Int: 18    God:
Gold:   15         SH:  0    Dex:  9    Spells: 3/4 levels left

rFire    . . .     SeeInvis .   (no weapon)
rCold    . . .     Faith    .   (no shield)
rNeg     . . .     Spirit   .   (armour unavailable)
rPois    .         Reflect  .   (helmet restricted)
rElec    .         Harm     .   (no cloak)
rCorr    .         Rampage  .   (no gloves)
Will     .....                  (no boots)
Stlth    ++........             (no amulet)
HPRegen  0.04/turn              (no ring)
MPRegen  0.08/turn              (no ring)

@: no status effects
A: AC +4, unfitting armour, cold-blooded
a: no special abilities


You were on level 1 of the Dungeon.
You visited 1 branch of the dungeon, and saw 1 of its levels.

You collected 15 gold pieces.

You aren't carrying anything.


   Skills:
 + Level 1.9 Dodging
 - Level 1.7 Stealth
 + Level 2.1 Spellcasting
 + Level 4.0 Conjurations


You had 3 spell levels left.
You knew the following spells:

 Your Spells              Type           Power      Damage    Failure   Level
a - Magic Dart            Conj           64%        1d6       3%          1

Your spell library contained the following spells:

 Spells                   Type           Power      Damage    Failure   Level
 Searing Ray              Conj           32%        3d4       4%          2
 Dazzling Flash           Conj/Hex       18%        N/A       24%         3
 Fulminant Prism          Conj/Hex       4%         3d6       61%         4
 Iskenderun's Mystic Bla  Conj/Tloc      9%         2d4       61%         4


Dungeon Overview and Level Annotations

Branches:
Dungeon (1/15)

Altars:


Innate Abilities, Weirdness & Mutations

Your plain brown scales are hard. (AC +4)
You cannot fit into any form of body armour.
You are cold-blooded and may be slowed by cold attacks.


Message History

You closely miss the jackal. You tail-slap the jackal.
The jackal is almost dead.
The jackal barely misses you.
The jackal bites you but does no damage. x2
Casting: Magic Dart (safe; 3% risk of failure)
Confirm with . or Enter, or press ? or * to list all spells.
Aiming: Magic Dart (safe; 3% risk of failure)
Press: ? - help, Shift-Dir - straight line, f/p - jackal
Aim: a jackal (almost dead, 100% to hit)
The magic dart hits the jackal but does no damage.
The jackal is almost dead.
The jackal bites you but does no damage.
The jackal bites you.
* * * LOW HITPOINT WARNING * * *
The jackal closely misses you.
You hit the jackal but do no damage.
The jackal is almost dead.
The jackal barely misses you.
The jackal bites you but does no damage.
You hit the jackal but do no damage.
The jackal is almost dead.
The jackal barely misses you. The jackal closely misses you. x2
You miss the jackal.
The jackal is almost dead.
The jackal barely misses you. The jackal closely misses you.
The jackal bites you but does no damage.
You miss the jackal.
The jackal is almost dead.
The jackal closely misses you. The jackal barely misses you.
The jackal misses you.
You barely miss the jackal.
The jackal is almost dead.
The jackal closely misses you. x2; The jackal completely misses you.
You hit the jackal.
You kill the jackal!
The jackal closely misses you.
You hit the jackal.
The jackal is heavily wounded.
The jackal closely misses you. The jackal misses you. The jackal bites you.
You die...

.# #### ##.# ...##
###.## . ....#
###....## ..
....###...#†..# .#
##.......##†.#.# ..#
##....##...## .. ...#
##.........#######..#
......#####$.hJh@hh.#
...####.....#KK###h##
####........#..# #
....$h......#
.........##...
......##.# ##..
#..... #.. ..# #.....
#.. .#


You could see an endoplasm, 5 jackals and 2 kobolds.

Vanquished Creatures
  2 jackals (D:1)
  A bat (D:1)
  A rat (D:1)
4 creatures vanquished.

Notes
Turn   | Place    | Note
-------+----------+-------------------------------------------
     0 | D:1      | senseless the Draconian Conjurer began the quest for the
                  | Orb.
     0 | D:1      | Reached XP level 1. HP: 14/14 MP: 3/3
   133 | D:1      | Slain by a jackal

Illustrated notes

Levels and vault maps discovered:
D:1:      dpeg_arrival_round_c, layout_rooms,
          shapermc_ecumenical_altar_mp_ritualfount, serial_rivers,
          chequers_serial_rivers_room_a, chequers_serial_rivers_micro_b,
          chequers_serial_rivers_large_a, chequers_serial_rivers_large_b,
          chequers_serial_rivers_micro_a

Action                   || total
-------------------------++-------
Melee: Unarmed           ||    45
       Tailslap          ||     1
 Cast: Magic Dart        ||     8
Armor: Skin              ||    30
Dodge: Dodged            ||    63

Table legend: (Time is in decaauts)
 A = Elapsed time spent in this place.
 B = Non-inter-level travel time spent in this place.
 C = Inter-level travel time spent in this place.
 D = Time resting spent in this place.
 E = Time spent auto-exploring this place.
 F = Levels seen in this place.
 G = Mean time per level.
                   A        B        C        D        E       F      G
               +--------+--------+--------+--------+--------+-----+--------+
         Total |    133 |    133 |      0 |     36 |     34 |   1 |  133.0 |
       Dungeon |    133 |    133 |      0 |     36 |     34 |   1 |  133.0 |
               +--------+--------+--------+--------+--------+-----+--------+

Top non-repeatable levels by time:
     D:1: 133 daAuts
